 Dungeon Crawl Stone Soup version 0.27.1 (webtiles) character file.

Game seed: 15045913725248880894

662 CyclopB the Cudgeller (level 7, -3/51 HPs)
             Began as a Demonspawn Gladiator on Aug 26, 2021.
             Was a Follower of Nemelex Xobeh.
             Slain by an ogre (30 damage)
             ... on level 4 of the Dungeon.
             The game lasted 00:34:16 (6521 turns).

CyclopB the Cudgeller (Demonspawn Gladiator)        Turns: 6521, Time: 00:34:16

Health: -3/51      AC:  8    Str: 14    XL:     7   Next: 30%
Magic:  7/7        EV: 11    Int: 16    God:    Nemelex Xobeh [*.....]
Gold:   256        SH:  0    Dex: 16    Spells: 6/6 levels left

rFire    . . .     SeeInvis .   a - +1 flail
rCold    . . .     Faith    .   (no shield)
rNeg     . . .     Spirit   .   m - +0 ring mail
rPois    .         Reflect  .   c - +0 helmet
rElec    .         Harm     .   A - +0 cloak
rCorr    .         Rampage  .   (no gloves)
Will     .....                  (no boots)
Stlth    +.........             (no amulet)
HPRegen  0.17/turn              C - +6 ring of intelligence
MPRegen  0.10/turn              (no ring)

@: no status effects
A: talons 2, rugged brown scales 1, powered by death 2
a: Renounce Religion, Draw Escape, Draw Destruction, Draw Summoning


You were on level 4 of the Dungeon.
You worshipped Nemelex Xobeh.
Nemelex Xobeh was aware of your devotion.
You visited 2 branches of the dungeon, and saw 6 of its levels.
You also visited: Sewer.

You collected 256 gold pieces.

Inventory:

Hand Weapons
 a - a +1 flail (weapon)
Missiles
 d - 3 throwing nets
 f - 56 stones (quivered)
 n - 46 bolts
 p - 46 arrows
 u - 5 boomerangs
Armour
 b - a +0 leather armour
 c - a +0 helmet (worn)
 m - a +0 ring mail (worn)
 A - a +0 cloak (worn)
Magical Staves
 w - a staff of fire
Jewellery
 C - a +6 ring of intelligence (left hand)
Wands
 o - a wand of flame (21)
Scrolls
 e - 4 scrolls of teleportation {unknown}
 g - a scroll of identify {unknown}
 j - 2 scrolls of magic mapping {unknown}
 k - 3 scrolls of blinking {unknown}
 l - 3 scrolls of enchant weapon
 s - 4 scrolls of amnesia {unknown}
 v - 2 scrolls of noise {unknown}
 y - a scroll of brand weapon {unknown}
 z - a scroll of fog {unknown}
 E - a scroll of immolation {unknown}
Potions
 h - 3 potions of mutation {unknown}
 i - 2 potions of magic {unknown}
 q - a potion of brilliance {unknown}
 r - 2 potions of curing {unknown}
 t - a potion of attraction {unknown}
 x - 3 potions of flight
 B - a potion of resistance {unknown}
 D - a potion of lignification {unknown}


   Skills:
 - Level 2.0 Fighting
 * Level 7.7 Maces & Flails
 - Level 1.7 Throwing
 - Level 1.0 Armour
 - Level 2.6 Dodging


You had 6 spell levels left.
You didn't know any spells.
Your spell library contained the following spells:

 Spells                   Type           Power      Damage    Failure   Level
 Apportation              Tloc           0%         N/A       45%         1
 Sandblast                Erth           0%         2d4       45%         1
 Corpse Rot               Necr/Air       N/A        N/A       61%         2
 Passwall                 Tmut/Erth      0%         N/A       61%         2
 Poisonous Vapours        Pois/Air       0%         N/A       61%         2
 Alistair's Intoxication  Tmut/Pois      0%         N/A       100%        5
 Freezing Cloud           Conj/Ice/Air   0%         6-21      100%        5
 Lee's Rapid Deconstruct  Erth           0%         3d5*      100%        5
 Conjure Ball Lightning   Conj/Air       0%         3x3d6     100%        6
 Invisibility             Hex            0%         N/A       100%        6
 Discord                  Hex            0%         N/A       100%        8
 Disjunction              Tloc           0%         N/A       100%        8


Dungeon Overview and Level Annotations

Branches:
Dungeon (5/15)             Temple (1/1) D:4           Sewer (visited)

Altars:
Ashenzari
Elyvilon
Fedhas
Gozag
Kikubaaqudgha
Makhleb
Nemelex Xobeh
Okawaru
Qazlal
Ru
Sif Muna
Uskayaw
Vehumet
Wu Jian
Xom
Zin
The Shining One

Annotations:
D:5 1 transporter, Eustachio; hurston's ghost, novice GrFi


Innate Abilities, Weirdness & Mutations

You have razor-sharp toenails.
You are partially covered in rugged brown scales. (AC +1, +3% HP)
You regenerate health from kills.


Message History

Throw: 61 stones
Press: ? - help, Q - select action, (/) - cycle Shift-Dir - straight line, f - ogre
Aim: an ogre, wielding a +0 giant club (75% to hit)
You throw a stone. The stone hits the ogre.
The ogre is lightly wounded.
Throw: 60 stones
Press: ? - help, Q - select action, (/) - cycle Shift-Dir - straight line, f/p - ogre
Aim: an ogre, wielding a +0 giant club (lightly wounded, 75% to hit)
You throw a stone. The stone hits the ogre.
The ogre is lightly wounded.
Throw: 59 stones
Press: ? - help, Q - select action, (/) - cycle Shift-Dir - straight line, f/p - ogre
Aim: an ogre, wielding a +0 giant club (lightly wounded, 75% to hit)
You throw a stone. The stone hits the ogre.
The ogre is moderately wounded.
Throw: 58 stones
Press: ? - help, Q - select action, (/) - cycle Shift-Dir - straight line, f/p - ogre
Aim: an ogre, wielding a +0 giant club (moderately wounded, 75% to hit)
You throw a stone.
The stone hits the ogre but does no damage.
The ogre is moderately wounded.
Throw: 57 stones
Press: ? - help, Q - select action, (/) - cycle Shift-Dir - straight line, f/p - ogre
Aim: an ogre, wielding a +0 giant club (moderately wounded, 75% to hit)
You throw a stone. The stone hits the ogre.
The ogre is moderately wounded.
You hit the ogre. Your kick misses the ogre.
The ogre is heavily wounded.
The ogre hits you with a +0 giant club!!
You hit the ogre but do no damage. You claw the ogre, but do no damage.
The ogre is heavily wounded.
The ogre closely misses you.
You hit the ogre. You claw the ogre.
The ogre is heavily wounded.
You hit the ogre but do no damage.
The ogre is heavily wounded.
The ogre hits you with a +0 giant club!!
Ouch! That really hurt!
You die...
Your body glows slightly and disappears.

##....###.#.....##.#######
#. ......###.......##.# #.
...#...###......##.# #.
>..###.# #...#.###)# #.
...#...# ##..#...#.# #.
.)....## #..#(#.#.#
##########. ##...##
#..#(#.#.# #..........
#...## #..#.#.#.#
#.######### #..##
##.#(#@#.# #.# #... W.##
#....O#.# #.# #.## .##
#####..(.(#.# #.# #.# .#
#........(#.# #.# #.# .#
#.#......(#.# #.# #.# .#
#.#......(#.# #.# #.# ##
#.#.....(.#.# #.# #.# #
#.#.......#.####.######.#
#
#.#.......#...[.........#


You could see an ogre.

Vanquished Creatures
  A necrophage (D:4)
  4 scorpions
  A hound (D:5)
  An orc priest (D:4)
  A bullfrog skeleton (D:5)
  An iguana (D:5)
  5 adders
  4 river rats (D:4)
  A shadow imp (D:5)
  A white imp (D:4)
  An ufetubus (D:5)
  8 worms
  2 dart slugs
  4 orcs
  11 endoplasms
  A giant cockroach (D:1)
  7 goblins
  5 hobgoblins
  4 jackals (Sewer)
  8 quokkas
  11 ball pythons
  9 bats
  7 frilled lizards
  8 kobolds
  6 rats
112 creatures vanquished.

Vanquished Creatures (others)
  2 plants (D:5)
2 creatures vanquished.

Grand Total: 114 creatures vanquished

Notes
Turn   | Place    | Note
-------+----------+-------------------------------------------
     0 | D:1      | CyclopB the Demonspawn Gladiator began the quest for the
                  | Orb.
     0 | D:1      | Reached XP level 1. HP: 16/16 MP: 1/1
    47 | D:1      | Found a faded altar of an unknown god.
    83 | D:1      | Reached skill level 3 in Maces & Flails
   131 | D:1      | Gained mutation: You regenerate a little health from kills.
                  | [demonic ancestry]
   131 | D:1      | Reached XP level 2. HP: 21/22 MP: 2/2
   895 | D:1      | Gained mutation: You have sharp toenails. [demonic
                  | ancestry]
   895 | D:1      | Reached XP level 3. HP: 26/27 MP: 3/3
  1142 | D:1      | Reached skill level 4 in Maces & Flails
  2620 | D:3      | Reached XP level 4. HP: 29/33 MP: 4/4
  3175 | D:4      | Noticed an ogre
  3362 | D:4      | Reached skill level 5 in Maces & Flails
  3407 | D:4      | Found a glowing drain.
  3430 | Sewer    | Entered a sewer
  3451 | Sewer    | Gained mutation: You are partially covered in rugged brown
                  | scales. (AC +1, +3% HP) [demonic ancestry]
  3451 | Sewer    | Reached XP level 5. HP: 33/39 MP: 5/5
  3983 | D:4      | Found a staircase to the Ecumenical Temple.
  3992 | Temple   | Entered the Ecumenical Temple
  4110 | Temple   | Became a worshipper of Nemelex Xobeh the Trickster
  4427 | D:4      | Noticed a phantom
  4648 | D:5      | Entered Level 5 of the Dungeon
  4648 | D:5      | Found an iron altar of Okawaru.
  4819 | D:5      | Reached skill level 6 in Maces & Flails
  5005 | D:4      | Gained mutation: You have razor-sharp toenails. [demonic
                  | ancestry]
  5005 | D:4      | Reached XP level 6. HP: 32/45 MP: 6/6
  5731 | D:5      | Reached skill level 7 in Maces & Flails
  6000 | D:5      | Reached * piety under Nemelex Xobeh
  6122 | D:5      | Gained mutation: You regenerate health from kills. [demonic
                  | ancestry]
  6122 | D:5      | Reached XP level 7. HP: 42/51 MP: 7/7
  6175 | D:5      | Found a transporter.
  6225 | D:5      | Noticed hurston's ghost (novice GrFi)
  6247 | D:5      | Reached skill level 1 in Armour
  6446 | D:5      | Noticed Eustachio
  6521 | D:4      | Slain by an ogre

Illustrated notes

Levels and vault maps discovered:
D:1:      dpeg_arrival_water_temple_mockup, layout_loops_corners,
          shapermc_ecumenical_altar_gd
D:2:      layout_rooms, serial_corexii_hall, chequers_hall_statues_wall_a,
          corexii_hall_statues_s, corexii_hall_statues_x,
          corexii_hall_statues_s, chequers_serial_rivers_room_a
D:3:      layout_basic, zin_academy
D:4:      layout_basic, minmay_temple_entry_tees, portal_sewer_entry_e,
          minivault_5
D:5:      layout_layer_cave, mainiacjoe_overflow_boulevard,
          gammafunk_ghost_arena, grunt_ministairs_11, minmay_misc_feat_roman,
          uniq_eustachio
Temple:   regret_index_temple_waves

Skill      XL: |  1  2  3  4  5  6  7 |
---------------+----------------------+-----
Maces & Flails | 3 4 5 6 7 |  7.7
Armour         | 1 |  1.0
Fighting       | |  2.0
Throwing       | |  1.7
Dodging        | |  2.6

Action                   |  1- 3 |  4- 6 |  7- 9 || total
-------------------------+-------+-------+-------++-------
Melee: Flail             |   146 |   192 |    20 ||   358
       Kick              |    15 |    49 |     6 ||    70
Throw: Stone             |     2 |    24 |    14 ||    40
  Use: Potion            |       |     2 |       ||     2
       Scroll            |       |     1 |       ||     1
 Stab: Sleeping          |     1 |     1 |       ||     2
Armor: Leather armour    |    34 |     4 |       ||    38
       Ring mail         |       |    63 |    14 ||    77
Dodge: Dodged            |    93 |    99 |    18 ||   210
